 Dungeon Crawl Stone Soup version 0.18.1-8-gdd0e5ea (webtiles) character file.

25111 M4edhros the Eye of the Storm (level 13, -1/93 HPs)
             Began as a Formicid Fighter on June 5, 2016.
             Was a Priest of Qazlal.
             Slain by Rupert
             ... wielding a +1 great mace of crushing
              (5 damage)
             ... on level 12 of the Dungeon on June 6, 2016.
             The game lasted 00:23:31 (12393 turns).

M4edhros the Eye of the Storm (Formicid Fighter)   Turns: 12393, Time: 00:23:32

Health: -1/93      AC: 19    Str: 27    XL:     13   Next: 48%
Magic:  0/23       EV: 23    Int: 10    God:    Qazlal [***...]
Gold:   420        SH: 17    Dex: 19    Spells: 0 memorised, 12 levels left

rFire  + . .     SeeInvis +     V - +2 glaive (protect)
rCold  . . .     Gourm    .     a - +0 ring mail {rF+}
rNeg   + . .     Faith    .     c - +0 shield
rPois  +         Spirit   +     (helmet unavailable)
rElec  .         Dismiss  .     G - +2 cloak {rPois}
rCorr  +         Reflect  .     H - +1 pair of gloves "Pilemp" {Int+2}
SustAt .         Harm     .     g - +2 pair of boots
MR     +....                    N - amulet of guardian spirit
Stlth  ++........               r - ring of positive energy
                                l - ring of resist corrosion

@: mighty, agile, somewhat resistant to hostile enchantments, unstealthy
A: permanent stasis, dig shafts and tunnels, four strong arms, antennae 3
a: Dig, Shaft Self, Upheaval, Elemental Force, Renounce Religion


You were on level 12 of the Dungeon.
You worshipped Qazlal.
Qazlal was most pleased with you.
You were not hungry.

You visited 2 branches of the dungeon, and saw 14 of its levels.

You collected 724 gold pieces.
You spent 304 gold pieces at shops.

Inventory:

Hand Weapons
 q - a +2 trident
 I - a +0 blowgun
 V - a +2 glaive of protection (weapon)
 W - a +3 longbow of flaming
Missiles
 v - 242 stones (quivered)
 J - 36 poisoned needles
 Z - 121 arrows
Armour
 a - a +0 ring mail of fire resistance (worn)
 c - a +0 shield (worn)
 g - a +2 pair of boots (worn)
 G - a +2 cloak of poison resistance (worn)
 H - the +1 pair of gloves "Pilemp" (worn) {Int+2}
   (You found it on level 9 of the Dungeon)

   It affects your intelligence (+2).
Jewellery
 l - a ring of resist corrosion (left hand)
 r - a ring of positive energy (right hand)
 y - an uncursed ring of flight
 N - an amulet of guardian spirit (around neck)
 O - an uncursed ring of sustain attributes
Wands
 b - a wand of confusion (16/48)
 j - a wand of teleportation (1/9)
 S - a wand of acid (0/15)
Scrolls
 e - 7 scrolls of identify
 k - a scroll of fear
 C - 2 scrolls of magic mapping
 F - 2 scrolls of recharging
 L - 2 scrolls of fog
 U - a scroll of enchant armour
 X - a scroll of noise {unknown}
Potions
 h - 3 potions of curing
 i - 2 potions of might
 p - a potion of flight
 t - 2 potions of cancellation
 u - 3 potions of ambrosia
 w - 4 potions of lignification
 x - a potion of mutation {unknown}
 A - a potion of agility
 E - a potion of brilliance {unknown}
 K - a potion of cure mutation {unknown}
 T - 2 potions of haste
Books
 D - a book of Envenomations

   Spells                             Type                      Level
   a - Spider Form                    Transmutation/Poison         3
   b - Olgreb's Toxic Radiance        Poison                       4
   c - Alistair's Intoxication        Transmutation/Poison         5
   d - Poisonous Cloud                Conjuration/Poison/Air       6
 M - a book of Maledictions

   Spells                             Type                      Level
   a - Corona                         Hexes                        1
   b - Ensorcelled Hibernation        Hexes/Ice                    2
   c - Confuse                        Hexes                        3
   d - Tukima's Dance                 Hexes                        3
   e - Dazzling Spray                 Conjuration/Hexes            3
Comestibles
 d - 2 meat rations
 f - 9 bread rations
 m - a chunk of flesh
 n - 19 fruits
 P - 10 royal jellies
 Q - 3 beef jerkies


   Skills:
 - Level 6.0 Fighting
 + Level 12.5 Polearms
 - Level 3.2 Armour
 + Level 8.8 Dodging
 - Level 10.2 Shields
 * Level 14.0 Invocations


You had 12 spell levels left.
You didn't know any spells.

Dungeon Overview and Level Annotations

Branches:
Dungeon (13/15)            Temple (1/1) D:5            Lair (0/8) D:11
    Orc (0/2) D:11         Vaults (0/5) D:13

Altars:
Ashenzari
Cheibriados
Dithmenos
Elyvilon
Fedhas
Gozag
Kikubaaqudgha
Makhleb
Nemelex Xobeh
Okawaru
Pakellas
Qazlal
Ru
Sif Muna
Trog
Vehumet
Xom
Yredelemnul
Zin
The Shining One

Shops:
D:6 (   D:10 (

Annotations:
D:12 Rupert
D:13 2 runed doors, Norris


Innate Abilities, Weirdness & Mutations

You are under a permanent stasis effect.
You can dig through walls and to a lower floor.
Your four strong arms can wield two-handed weapons with a shield.
You have a pair of large antennae on your head (SInv).


Message History

You closely miss Rupert.
Rupert is moderately wounded.
You block Rupert's attack.
You slice Rupert!!
Rupert is moderately wounded.
Rupert is engulfed in roaring flames.
Rupert hits you with a great mace of crushing!
* * * LOW HITPOINT WARNING * * *
x2 Drink which item? (? for menu, Esc to quit)
You feel much better.
Rupert is engulfed in roaring flames.
You block Rupert's attack.
Drink which item? (? for menu, Esc to quit)
You feel better.
Rupert is engulfed in roaring flames.
Rupert hits you with a great mace of crushing!!
* * * LOW HITPOINT WARNING * * *
x2 Drink which item? (? for menu, Esc to quit)
You feel better.
Rupert is engulfed in roaring flames.
Rupert hits you with a great mace of crushing!
* * * LOW HITPOINT WARNING * * *
You die...

#################################
.................................
##......###...............(.....#
#......# #.....................#
#......# #.....................#
#).....# #.....................#
#......# #.....................#
#......# #....@@§..............#
#......# #.....................#
#......# #......)..............#
##..§...###......[..............#
.................)[.............#
...##................##.........#
##.##............(...##.......<.#
#.##................##..........
#.##.......####.....##..........


You could see Rupert (berserk).

Vanquished Creatures
  Frances (D:13)
  Donald (D:13)
  Nessos (D:12)
  Josephine (D:12)
  2 centaur warriors (D:13)
  The ghost of georgeearnest the Grappler, a novice TrMo of Nemelex Xobeh (D:13)
  Erica (D:9)
  Urug (D:12)
  The ghost of Aquadorian the Blocker, a novice MiFi of Nemelex Xobeh (D:9)
  Pikel (D:5)
  2 hill giants
  2 deep elf magi (D:12)
  A manticore (D:11)
  2 ugly things
  2 cyclopes (D:12)
  Maurice (D:9)
  Joseph (D:8)
  An efreet (D:13)
  2 trolls
  6 wraiths (D:12)
  9 humans
  A wyvern (D:8)
  3 hippogriffs
  A vampire mosquito (D:13)
  3 basilisks (D:11)
  A hungry ghost (D:13)
  5 porcupines (D:11)
  A water moccasin (D:9)
  2 black bears
  A necrophage (D:5)
  2 slaves (D:5)
  3 ice beasts
  5 wasps
  5 orc warriors
  2 eyes of draining
  9 ogres
  4 phantoms
  11 centaurs
  The ghost of Krapule the Insei, an amateur OpTm of Cheibriados (D:4)
  3 crocodiles (D:11)
  4 big kobolds
  6 giant frogs
  A gnoll sergeant (D:12)
  A water moccasin zombie (D:6)
  A wyvern skeleton (D:11)
  2 scorpions (D:11)
  6 wights
  5 crimson imps
  2 giant frog zombies
  A howler monkey (D:6)
  3 quasits
  6 centaur skeletons
  2 orc priests
  10 hounds
  3 jellies
  A giant frog skeleton (D:6)
  Natasha (thrice) (D:3)
  4 iguanas
  13 orc wizards
  4 worker ants
  A killer bee zombie (D:5)
  7 sheep (D:11)
  A hound skeleton (D:5)
  A worker ant zombie (D:9)
  A howler monkey skeleton (D:11)
  7 gnolls
  13 adders
  6 river rats (D:11)
  5 shadow imps
  An ooze (D:5)
  2 worms
  11 dart slugs
  6 giant geckos
  31 orcs
  3 giant cockroaches (D:1)
  4 goblins
  3 hobgoblins
  8 jackals
  26 kobolds
  6 quokkas
  2 ball pythons
  9 bats
  A giant gecko skeleton (D:5)
  3 giant newts
  10 rats
  A plant (D:11)
350 creatures vanquished.

Vanquished Creatures (others)
  A dart slug (D:5)
  3 plants (D:11)
4 creatures vanquished.

Grand Total: 354 creatures vanquished

Notes
Turn   | Place    | Note
--------------------------------------------------------------
     0 | D:1      | M4edhros the Formicid Fighter began the quest for the Orb.
     0 | D:1      | Reached XP level 1. HP: 18/18 MP: 1/1
   240 | D:1      | Reached XP level 2. HP: 24/24 MP: 2/2
   353 | D:3      | Reached XP level 3. HP: 23/29 MP: 3/3
   485 | D:3      | You fall through a shaft for 3 floors!
   488 | D:6      | Found an iron altar of Okawaru.
   536 | D:6      | Reached XP level 4. HP: 23/35 MP: 4/4
   693 | D:6      | Found Muckael's Weapon Shop.
   721 | D:6      | Reached skill level 5 in Shields
   910 | D:6      | Reached XP level 5. HP: 33/41 MP: 5/5
  1031 | D:6      | Reached XP level 6. HP: 38/47 MP: 6/6
  1161 | D:6      | Noticed an ogre
  1168 | D:6      | Reached skill level 5 in Polearms
  1184 | D:6      | Killed an ogre
  1184 | D:6      | Reached XP level 7. HP: 26/52 MP: 7/7
  1264 | D:6      | HP: 1/52 [ogre/giant club (22)]
  1355 | D:5      | Entered Level 5 of the Dungeon
  1612 | D:6      | Reached XP level 8. HP: 52/58 MP: 8/8
  1972 | D:5      | Found a staircase to the Ecumenical Temple.
  1985 | Temple   | Entered the Ecumenical Temple
  2547 | D:5      | Noticed Pikel
  2585 | D:5      | Killed Pikel
  2585 | D:5      | Reached XP level 9. HP: 35/64 MP: 9/9
  2660 | D:4      | Found an opulent altar of Gozag.
  2662 | D:4      | Found a stormy altar of Qazlal.
  2778 | D:4      | Found a burning altar of Makhleb.
  2779 | D:4      | Found a bloodstained altar of Trog.
  2780 | D:4      | Became a worshipper of Qazlal Stormbringer
  2781 | D:4      | Found a radiant altar of Vehumet.
  3903 | D:2      | Reached * piety under Qazlal
  3948 | D:2      | Reached skill level 10 in Shields
  4040 | D:2      | Found a blossoming altar of Fedhas.
  4323 | D:3      | Noticed Natasha
  4337 | D:3      | Killed Natasha
  4357 | D:3      | Noticed Natasha
  4365 | D:3      | Killed Natasha
  4483 | D:3      | Noticed Natasha
  4489 | D:3      | Killed Natasha
  4819 | D:4      | Noticed Krapule's ghost (amateur OpTm)
  4834 | D:4      | Killed Krapule's ghost
  4843 | D:4      | Reached ** piety under Qazlal
  4963 | D:4      | Reached skill level 1 in Dodging
  6383 | D:7      | Reached skill level 5 in Fighting
  6383 | D:7      | Reached XP level 10. HP: 50/74 MP: 10/10
  7085 | D:8      | Noticed Joseph
  7117 | D:8      | Reached *** piety under Qazlal
  7287 | D:8      | Killed Joseph
  7287 | D:8      | Reached skill level 2 in Invocations
  7335 | D:8      | Reached skill level 3 in Invocations
  7466 | D:8      | Found a shadowy altar of Dithmenos.
  7809 | D:9      | Noticed Aquadorian's ghost (novice MiFi)
  7842 | D:9      | Killed Aquadorian's ghost
  7842 | D:9      | Reached skill level 10 in Polearms
  7842 | D:9      | Reached skill level 4 in Invocations
  7955 | D:9      | Got a pair of bloodstained gloves
  7966 | D:9      | Identified the +1 pair of gloves "Pilemp" {Int+2} (You found it on level 9 of the Dungeon)
  8002 | D:9      | Reached skill level 5 in Invocations
  8170 | D:9      | Reached **** piety under Qazlal
  8355 | D:9      | Noticed Erica
  8367 | D:9      | Reached skill level 5 in Dodging
  8406 | D:9      | Killed Erica
  8406 | D:9      | Reached skill level 6 in Invocations
  8406 | D:9      | Reached XP level 11. HP: 37/81 MP: 15/15
  8786 | D:9      | Noticed Maurice
  8820 | D:9      | Reached skill level 7 in Invocations
  8851 | D:9      | Killed Maurice
  9071 | D:9      | Reached skill level 8 in Invocations
  9256 | D:10     | Entered Level 10 of the Dungeon
  9368 | D:10     | Found Coolaj's Antique Weapon Boutique.
  9706 | D:10     | Bought a runed scythe for 96 gold pieces
  9710 | D:10     | Bought a glowing glaive for 208 gold pieces
  9711 | D:10     | Identified a scroll of acquirement
  9866 | D:11     | Noticed a cyan ugly thing
  9881 | D:10     | Killed a cyan ugly thing
  9921 | D:11     | Reached skill level 9 in Invocations
 10128 | D:11     | Reached ***** piety under Qazlal
 10154 | D:11     | Noticed a manticore
 10157 | D:11     | Killed a manticore
 10157 | D:11     | Reached skill level 10 in Invocations
 10261 | D:11     | Found a staircase to the Orcish Mines.
 10289 | D:11     | Found a staircase to the Lair.
 10310 | D:11     | Reached XP level 12. HP: 87/88 MP: 17/19
 10617 | D:12     | Noticed Josephine
 10629 | D:12     | Killed Josephine
 10642 | D:12     | Noticed Urug
 10652 | D:12     | Noticed Nessos
 10667 | D:12     | Reached skill level 11 in Invocations
 10670 | D:12     | Killed Nessos
 10673 | D:12     | Killed Urug
 11194 | D:12     | Reached skill level 12 in Invocations
 11600 | D:13     | Noticed a centaur warrior
 11608 | D:13     | Killed a centaur warrior
 11609 | D:13     | Reached XP level 13. HP: 83/93 MP: 22/22
 11625 | D:13     | Noticed Frances
 11639 | D:13     | Killed Frances
 11639 | D:13     | Reached skill level 13 in Invocations
 11832 | D:13     | Noticed georgeearnest's ghost (novice TrMo)
 11848 | D:13     | Killed georgeearnest's ghost
 11870 | D:13     | Noticed a centaur warrior
 11872 | D:13     | Found a large runed door.
 11873 | D:13     | Found a large runed door.
 11960 | D:13     | Noticed a naga warrior
 12154 | D:13     | Noticed Donald
 12156 | D:13     | Noticed Norris
 12158 | D:13     | Noticed a centaur warrior
 12161 | D:13     | Killed a centaur warrior
 12163 | D:13     | Killed Donald
 12171 | D:13     | Noticed Rupert
 12178 | D:13     | Reached skill level 14 in Invocations
 12187 | D:13     | Found a gate to the Vaults.
 12393 | D:12     | HP: 4/93 [Rupert/great mace of crushing (13)]
 12393 | D:12     | Slain by Rupert

Skill      XL: |  1  2  3  4  5  6  7  8  9 10 11 12 13 |
---------------+----------------------------------------+-----
Shields        | 4 5 6 7 9 10 | 10.2
Polearms       | 3 4 5 6 8 9 10 11 12 | 12.5
Dodging        | 2 5 6 8 |  8.8
Fighting       | 5 6 |  6.0
Invocations    | 6 10 12 14 | 14.0
Armour         | |  3.2

Action                   |  1- 3 |  4- 6 |  7- 9 | 10-12 | 13-15 || total
-------------------------+-------+-------+-------+-------+-------++-------
Melee: Trident           |    73 |   114 |   491 |   555 |       ||  1233
       Glaive            |       |       |       |   307 |   121 ||   428
Invok: Upheaval          |       |       |       |     7 |     7 ||    14
       Elemental Force   |       |       |       |       |     1 ||     1
 Abil: Dig               |       |     2 |     9 |     4 |     1 ||    16
Evoke: Wand              |       |       |       |     6 |     4 ||    10
  Use: Potion            |       |     4 |     1 |     6 |    11 ||    22
       Scroll            |       |       |    11 |     7 |     2 ||    20
  Eat: Chunk             |       |     1 |    15 |    14 |     4 ||    34
       Pizza             |       |       |     1 |     1 |       ||     2
       Meat ration       |       |       |     1 |       |       ||     1
Armor: Scale mail        |    25 |    38 |   106 |   151 |       ||   320
       Skin              |       |       |       |    13 |       ||    13
       Ring mail         |       |       |       |    33 |    29 ||    62
Dodge: Dodged            |    16 |    26 |   116 |   206 |    63 ||   427
       Deflected         |       |       |       |     8 |       ||     8
Block: Shield            |    35 |    39 |   239 |   600 |    96 ||  1009
